 Dungeon Crawl Stone Soup version 0.30-a0-322-g102857c98e (webtiles) character file.

Game seed: 4520569177354329796

1841552 Ge0ff the Young Dog (level 25, 110/114 HPs)
             Began as a Felid Fire Elementalist on Oct 27, 2022.
             Was an Initiate of Wu Jian.
             Escaped with the Orb
             ... and 4 runes!
             The game lasted 05:48:38 (100805 turns).

Ge0ff the Young Dog (Felid Fire Elementalist)     Turns: 100805, Time: 05:48:38

Health: 110/114    AC:  7    Str:  6    XL:     25   Next: 56%
Magic:  37/38      EV: 29    Int: 29    God:    Wu Jian [......]
Gold:   5330       SH:  0    Dex: 17    Spells: 1/54 levels left
                                        Lives:  2   Deaths: 3

rFire   . . .      SeeInvis +      - Unarmed
rCold   + + .      Faith    .    (shield unavailable)
rNeg    . . .      Spirit   .    (body armour unavailable)
rPois   .          Reflect  .    (helmet unavailable)
rElec   +          Harm     .    (cloak unavailable)
rCorr   .          Rampage  .    (gloves unavailable)
Will    +++++                    (boots unavailable)
Stlth   ++........               Y - amulet of magic regeneration
HPRegen 0.39/turn                v - ring of Jaisygo {+Blink Will++ AC+4 Str+3 Stlth-}
MPRegen 0.66/turn                J - ring "Xipreusac" {Wiz rElec rC+ Str+2, =R}

@: very slightly contaminated, studying 2 skills, quick
A: very small, claws 1, fangs 3, see invisible, speed 1, shaggy fur 3, stealthy
paws, no weapons or thrown items, no armour, multi-lived, camouflage 1, clever
1, clumsy 1, low MP 1, weak 1, inability to drink after injury 1
0: Orb of Zot
}: 4/15 runes: barnacled, silver, abyssal, gossamer
a: Renounce Religion, Evoke Blink


You escaped.
You worshipped Wu Jian.
Wu Jian was noncommittal.
You visited 10 branches of the dungeon, and saw 50 of its levels.
You visited the Abyss 3 times.
You visited 2 bazaars.
You also visited: Ossuary, Gauntlet, Ice Cave and Wizlab.

You collected 8400 gold pieces.
You spent 3070 gold pieces at shops.

Inventory:

Jewellery
 g - the ring "Xesiady" {rPois rC++ Str+3 Stlth-}
   (You took it off a deep elf master archer on level 3 of the Elven Halls)

   [ring of poison resistance]

   Str:       It affects your strength (+3).
   rC:        It greatly protects you from cold.
   rPois:     It protects you from poison.
   Stlth:     It makes you less stealthy.
 i - an amulet of guardian spirit
 r - an amulet of regeneration
 v - the ring of Jaisygo (left paw) {+Blink Will++ AC+4 Str+3 Stlth-}
   (You acquired it on level 2 of the Crypt)

   [ring of protection]

   AC:        It affects your AC (+4).
   Str:       It affects your strength (+3).
   +Blink:    It lets you blink.
   Will:      It greatly increases your willpower.
   Stlth:     It makes you less stealthy.
 w - an amulet of faith
 x - the ring of Roqud {rElec rPois Str+6}
   (You found it on level 3 of the Crypt)

   [ring of strength]

   Str:       It affects your strength (+6).
   rElec:     It insulates you from electricity.
   rPois:     It protects you from poison.
 D - a ring of positive energy
 G - the ring of Feurim Woqe {EV+4 Dex+2}
   (You took it off a merfolk impaler on level 1 of the Shoals)

   [ring of evasion]

   EV:        It affects your evasion (+4).
   Dex:       It affects your dexterity (+2).
 J - the ring "Xipreusac" (right paw) {Wiz rElec rC+ Str+2, =R}
   (You took it off a deep elf death mage on level 3 of the Elven Halls)

   [ring of wizardry]

   It improves your spell success rate.
   Str:       It affects your strength (+2).
   rC:        It protects you from cold.
   rElec:     It insulates you from electricity.
 Q - a ring of protection from fire
 Y - an amulet of magic regeneration (around neck)
Wands
 d - a wand of digging (2)
 f - a wand of flame (82)
 j - a wand of light (22)
 k - a wand of iceblast (39)
 p - a wand of paralysis (12)
 s - a wand of mindburst (12)
 P - a wand of polymorph (20)
Scrolls
 h - 4 scrolls of amnesia
 y - 4 scrolls of immolation
 B - 8 scrolls of blinking
 C - 4 scrolls of poison
 E - 4 scrolls of fear
 F - 2 scrolls of butterflies
 S - a scroll of summoning
 T - 16 scrolls of teleportation
 V - 11 scrolls of vulnerability
Potions
 o - 11 potions of ambrosia
 q - 24 potions of curing
 z - 4 potions of brilliance
 A - 14 potions of attraction
 H - 3 potions of haste {!q}
 I - 2 potions of invisibility
 K - 4 potions of magic {!q}
 L - 4 potions of lignification
 M - 13 potions of might
 N - 2 potions of cancellation {!q}
 R - 5 potions of resistance
 W - 11 potions of heal wounds {!q}
 X - 15 potions of flight
 Z - 4 potions of berserk rage {!q}
Miscellaneous
 l - a lightning rod (4/4)
 n - a phial of floods
 t - a tin of tremorstones (2/2)
 O - a box of beasts
 U - a phantom mirror


   Skills:
 + Level 14.2 Fighting
 + Level 16.3 Dodging
 + Level 16.6 Stealth
 - Level 15.0 Unarmed Combat
 - Level 15.0 Spellcasting
 - Level 10.0 Conjurations
 - Level 7.0 Hexes
 - Level 7.0 Summonings
 - Level 15.0 Translocations
 - Level 20.0 Transmutations
 - Level 8.0 Fire Magic
 - Level 15.0 Air Magic
 + Level 12.1 Earth Magic
 - Level 20.5 Invocations
 - Level 12.0 Evocations


You had one spell level left.
You knew the following spells:

 Your Spells              Type           Power      Damage    Failure   Level
a - Dragon Form           Tmut           47%        N/A       1%          7
b - Storm Form            Tmut/Air       44%        N/A       1%          7
d - Iskenderun's Mystic   Conj/Tloc      76%        2d15      1%          4
g - Apportation           Tloc           100%       N/A       0%          1
h - Lee's Rapid Deconstr  Erth           37%        3d19*     1%          5
s - Petrify               Tmut/Erth      86%        N/A       1%          4
w - Passwall              Tmut/Erth      71%        N/A       0%          2
x - Vhi's Electric Charg  Tloc/Air       100%       N/A       0%          3
C - Manifold Assault      Tloc           83%        N/A       1%          4
D - Dispersal             Tloc           41%        N/A       1%          6
E - Irradiate             Conj/Tmut      41%        3d25      1%          5
I - Silence               Hex/Air        35%        N/A       1%          5

Your spell library contained the following spells:

 Spells                   Type           Power      Damage    Failure   Level
 Beastly Appendage        Tmut           100%       N/A       0%          1
 Shock                    Conj/Air       100%       1d9       0%          1
 Foxfire                  Conj/Fire      100%       2x1d9     1%          1
 Freeze                   Ice            84%        1d9       1%          1
 Kiss of Death            Conj/Necr      100%       2d13      1%          1
 Magic Dart               Conj           100%       1d8       1%          1
 Necrotise                Necr           84%        1d8       1%          1
 Summon Small Mammal      Summ           100%       N/A       1%          1
 Momentum Strike          Conj/Tloc      100%       3d10      0%          2
 Wereblood                Tmut           95%        N/A       0%          2
 Gell's Gravitas          Tloc           83%        N/A       0%          3
 Lesser Beckoning         Tloc           100%       N/A       0%          3
 Swiftness                Air            83%        N/A       0%          3
 Teleport Other           Tloc           83%        N/A       0%          3
 Blade Hands              Tmut           47%        N/A       0%          5
 Call Imp                 Summ           58%        N/A       1%          2
 Cigotuvi's Dreadful Rot  Necr/Pois/Air  100%       N/A       1%          2
 Ensorcelled Hibernation  Hex/Ice        84%        N/A       1%          2
 Poisonous Vapours        Pois/Air       100%       N/A       1%          2
 Scorch                   Fire           100%       2d10      1%          2
 Sublimation of Blood     Necr           21%        N/A       1%          2
 Call Canine Familiar     Summ           58%        N/A       1%          3
 Confusing Touch          Hex            58%        N/A       1%          3
 Dazzling Flash           Conj/Hex       100%       N/A       1%          3
 Hailstorm                Conj/Ice       50%        3d11      1%          3
 Ignite Poison            Fire/Tmut/Pois 66%        N/A       1%          3
 Inner Flame              Hex/Fire       60%        N/A       1%          3
 Kindle Blastsparks       Fire/Tloc/Air  100%       2d18      1%          3
 Mephitic Cloud           Conj/Pois/Air  63%        N/A       1%          3
 Spider Form              Tmut/Pois      68%        N/A       1%          3
 Summon Guardian Golem    Hex/Summ       58%        N/A       1%          3
 Airstrike                Air            41%        2d(6-22)  1%          4
 Cause Fear               Hex            29%        N/A       1%          4
 Flame Wave               Conj/Fire      65%        2d15      1%          4
 Fulminant Prism          Conj/Hex       31%        3d16      1%          4
 Ice Form                 Ice/Tmut       68%        N/A       1%          4
 Leda's Liquefaction      Hex/Erth       33%        N/A       1%          4
 Passage of Golubria      Tloc           83%        N/A       1%          4
 Sticky Flame             Conj/Fire      65%        2d8       1%          4
 Summon Lightning Spire   Summ/Air       71%        N/A       1%          4
 Alistair's Intoxication  Tmut/Pois      45%        N/A       1%          5
 Freezing Cloud           Conj/Ice/Air   31%        6-21      1%          5
 Iskenderun's Battlesphe  Conj           68%        2d12      1%          5
 Lightning Bolt           Conj/Air       38%        1d56      1%          5
 Summon Mana Viper        Hex/Summ       58%        N/A       1%          5
 Iron Shot                Conj/Erth      36%        9d7       1%          6
 Frozen Ramparts          Ice            42%        1d7       2%          3
 Ozocubu's Armour         Ice            21%        N/A       2%          3
 Anguish                  Hex/Necr       21%        N/A       2%          4
 Summon Ice Beast         Ice/Summ       42%        N/A       2%          4
 Borgnjor's Vile Clutch   Necr/Erth      27%        N/A       2%          5
 Eringya's Noxious Bog    Tmut/Pois      34%        N/A       2%          6
 Starburst                Conj/Fire      32%        6d10      3%          6
 Metabolic Englaciation   Hex/Ice        21%        N/A       6%          5
 Dispel Undead            Necr           21%        3d11      9%          4
 Olgreb's Toxic Radiance  Pois           21%        N/A       9%          4
 Malign Gateway           Summ/Tloc      35%        N/A       9%          7
 Orb of Destruction       Conj           34%        9d10      12%         7
 Disjunction              Tloc           41%        N/A       12%         8
 Maxwell's Capacitive Co  Air            41%        ∞         12%         8
 Spellforged Servitor     Conj/Summ      31%        N/A       22%         7
 Agony                    Necr           21%        N/A       24%         5
 Monstrous Menagerie      Summ           29%        N/A       38%         7
 Lehudib's Crystal Spear  Conj/Erth      36%        10d9      52%         8
 Simulacrum               Ice/Necr       10%        N/A       77%         6
 Ignition                 Fire           31%        3d10      89%         8
 Discord                  Hex            29%        N/A       96%         8
 Summon Horrible Things   Summ           29%        N/A       96%         8
 Ozocubu's Refrigeration  Ice            10%        4d9       99%         7
 Dragon's Call            Summ           29%        N/A       100%        9
 Polar Vortex             Ice            10%        N/A       100%        9
 Portal Projectile        Hex/Tloc       Unusable   N/A       N/A         3
 Animate Armour           Summ/Erth      Unusable   N/A       N/A         4

Dungeon Overview and Level Annotations

Branches:
Dungeon (15/15)            Temple (0/1) D:7            Lair (5/5) D:10
 Shoals (4/4) Lair:3       Spider (4/4) Lair:2        Slime (0/5) Lair:5
    Orc (2/2) D:12            Elf (3/3) Orc:2        Vaults (5/5) D:14
  Crypt (3/3) Vaults:3       Tomb (0/3) Crypt:3      Depths (4/4) D:15
    Zot (5/5) Depths:4    Ossuary (visited)           IceCv (visited)
 WizLab (visited)         Gauntlet (visited)

Altars:
Cheibriados
Dithmenos
Elyvilon
Fedhas
Gozag
Hepliaklqana
Kikubaaqudgha
Makhleb
Okawaru
Qazlal
Sif Muna
Uskayaw
Vehumet
Wu Jian
Xom
Yredelemnul
Lugonu

Shops:
D:5 (   D:7 :   D:13 [   Orc:2 !=*=*   Elf:3 *   Vaults:3 (

Portals:
Hell: Depths:1 Depths:2 Depths:3 Depths:4
Abyss: Lair:5 Depths:2 Depths:3
Pandemonium: Depths:2 Depths:3 Depths:4
Ziggurat: Depths:2


Innate Abilities, Weirdness & Mutations

You have sharp claws.
You have razor-sharp teeth.
You have supernaturally acute eyesight. (SInv)
You cover ground quickly. (Speed+)
Your thick and shaggy fur keeps you warm. (AC +3, rC+)
Your paws help you pounce on unaware monsters.
You are incapable of wielding weapons or throwing items.
You cannot wear armour.
You gain extra lives every three experience levels.
Your skin changes colour to match your surroundings (Stealth+).
Your mind is acute. (Int +4, Str/Dex -1)
You are clumsy. (Dex -2)
Your magical capacity is low. (-10% MP)
You are weak. (Str -2)
You occasionally lose the ability to drink potions when taking damage.


Message History

a +0 ring mail; a +0 mace
Things that are here:
a +0 ring mail; a +0 flail HP restored.
There is a stone staircase leading up, spattered with blood here.
You climb upwards.
There is a stone staircase leading down here.
You see here a +0 flail.
Items here: ( ))) [.
There is a stone staircase leading up here.
You climb upwards.
There is a stone staircase leading down here.
Your magical contamination has completely faded away.
You see here a +0 broad axe.
There is a stone staircase leading up here.
You climb upwards.
There is a stone staircase leading down here.
There is a stone staircase leading up here.
You climb upwards.
There is a stone staircase leading down here.
There is a stone staircase leading up here.
You climb upwards.
There is a stone staircase leading down here.
You enter the shallow water.
Moving in this stuff is going to be slow.
A demonic crawler comes into view.
The demonic crawler gives a hideous shriek!
The demonic crawler misses you. x2
The demonic crawler completely misses you.
Casting: Irradiate (safe; 1% risk of failure)
Confirm with . or Enter, or press ? or * to list all spells.
You erupt in a fountain of uncontrolled magic!
The demonic crawler is blasted with magical radiation!!
The demonic crawler is heavily wounded.
The demonic crawler twists and deforms.
You are very lightly contaminated with residual magic.
The demonic crawler misses you. The demonic crawler hits you. x2
Casting: Irradiate (safe; 1% risk of failure)
Confirm with . or Enter, or press ? or * to list all spells.
You erupt in a fountain of uncontrolled magic!
The demonic crawler is blasted with magical radiation!!!
You kill the demonic crawler!
The Council accepts your kill.
You are lightly contaminated with residual magic.
There is a stone staircase leading up here.
You climb upwards.
There is a stone staircase leading down here.
There is an open door here.
There is a staircase leading out of the dungeon here.
You have escaped!

.#.....#.# #........##......#
.#.###.#.# #.##.....##......#####
.#.# #.#.###.##.##..#.......+...)
.#.# #.#.....##.#####.......###..
##.# #.####.....................#
#.###.##..........######...#####
##.#...#.....'#≈≈≈##.....[..# #
...#...>..(#.#.....#......#.#####
######..####.≈..@..≈......#......
...........#.≈..⌠..≈......#######
######.#.#.#[#.....#......#
#.#.#.####≈≈≈###≈§≈####
######(#.#.##......#.....#.#
..†....#.#.##......≈..⌠..≈.#
.#######.#.##..[...≈...§.≈.#
.......#.#..#...)..#..§..#.#
#####.##.#.........##≈§§#+.#


There were no monsters in sight!

Vanquished Creatures
  6 dread liches
  2 orbs of fire (Zot:5)
  3 ancient liches
  Mara (Vaults:3)
  A juggernaut (Depths:3)
  The ghost of ouz the Executioner, a master FoFi of the Shining One (Depths:2)
  Bai Suzhen (Vaults:3)
  4 Killer Klowns (Zot:5)
  Xtahua (Depths:4)
  A caustic shrike (Depths:3)
  A curse toe (Zot:4)
  5 golden dragons
  Nikola (Shoals:3)
  A bone dragon (Crypt:3)
  Arachne (Spider:3)
  A profane servitor (Crypt:3)
  2 electric golems (Zot:5)
  18 tentacled monstrosities
  The ghost of Vivviwk the Sorcerer, an adept DECj of Vehumet (Depths:3)
  3 walking crystal tomes
  A lich (Depths:4)
  A walking earthen tome (Zot:1)
  A walking divine tome (WizLab)
  25 Orb Guardians (Zot:5)
  3 quicksilver dragons
  The ghost of nago the Brawler, an adept TrDe of Okawaru (Vaults:1)
  3 deep elf blademasters
  Asterion (Spider:2)
  3 deep elf master archers
  Grunn (Depths:2)
  3 titans (Vaults:5)
  Polyphemus (Shoals:2)
  5 sphinxes
  12 ancient champions
  Kirke (Lair:3)
  4 tentacled starspawn
  4 death cobs
  3 tengu reavers
  6 shadow dragons
  8 storm dragons
  A kraken (Shoals:1)
  2 strange machines (WizLab)
  3 revenants
  10 frost giants
  Donald (Vaults:3)
  8 fire giants
  Ilsuiw (Shoals:3)
  3 draconian monks
  2 deep elf sorcerers
  3 narguns (Zot:1)
  3 draconian knights (Zot:4)
  Louise (Spider:3)
  An emperor scorpion (Spider:4)
  24 vault wardens
  4 deep elf elementalists (Elf:3)
  4 draconian scorchers
  A draconian shifter (Depths:4)
  2 ghost moths
  A balrug (Depths:4)
  2 draconian annihilators
  4 spriggan defenders
  A caustic shrike zombie (Crypt:3)
  10 ghouls
  24 very ugly things
  2 draconian stormcallers
  8 ironbound thunderhulks
  4 orc warlords
  17 ironbound preservers
  A curse skull (Crypt:2)
  A reaper (Crypt:2)
  18 stone giants
  7 war gargoyles
  6 vampire knights
  3 deep elf annihilators
  7 green draconians
  3 yellow draconians
  6 deep elf demonologists
  A minotaur (Gauntlet)
  3 red draconians
  6 white draconians
  A lorocyproca (D:15)
  8 black draconians
  Azrael (Elf:1)
  The ghost of Capogack the Severer, a journeyman MiFi of Hepliaklqana (Lair:5)
  4 spark wasps
  5 dire elephants
  6 purple draconians
  10 ettins
  2 mummy priests (Crypt:3)
  An elf zombie (Crypt:1)
  7 deep elf death magi
  2 deep elf high priests (Elf:3)
  19 merfolk impalers
  3 eidola
  15 jiangshi
  8 merfolk javelineers
  A fenstrider witch zombie (Crypt:1)
  12 entropy weavers
  14 yaktaur captains
  10 fire dragons
  8 great orbs of eyes
  An ice dragon (shapeshifter) (Lair:5)
  2 catoblepae
  2 ice dragons
  3 peacekeepers
  39 vault guards
  A quicksilver dragon skeleton (Crypt:1)
  2 jorogumos
  A spriggan skeleton (Crypt:3)
  Erica (D:8)
  10 rakshasas
  8 boulder beetles
  2 merfolk avatars
  5 centaur warriors
  2 death knights
  6 ironbound frosthearts
  6 spriggan air magi
  An alligator snapping turtle (Shoals:3)
  A death yak (shapeshifter) (Vaults:5)
  46 dancing weapons
  3 radroaches
  A two-headed ogre (D:14)
  3 death yaks (Shoals:2)
  9 deep troll earth magi
  12 deep troll shamans
  2 merfolk aquamancers
  2 tengu warriors (D:15)
  An Orb Guardian skeleton (Crypt:3)
  The ghost of Tenar the Frost Mage, a novice BaIE of Gozag (D:9)
  5 thrashing horrors
  11 vampire magi
  5 orc high priests
  5 spriggan berserkers
  A storm dragon zombie (Crypt:1)
  7 hell knights
  29 deep elf knights
  Amaemon (D:8)
  A soul eater (Crypt:2)
  3 wretched stars (Abyss:3)
  40 skeletal warriors
  A storm dragon skeleton (Crypt:1)
  4 flayed ghosts
  12 sea snakes
  An anaconda zombie (Crypt:1)
  A sixfirhy (D:9)
  9 steelbarb worms
  12 iron trolls
  2 pharaoh ants (Spider:4)
  4 shadow wraiths
  18 deep elf archers
  2 glowing orange brains
  68 deep trolls
  9 orb spiders
  6 spectral wolf spiders (Spider:4)
  A shadow demon (Depths:3)
  3 bog bodies
  9 wizards
  21 ironbound convokers
  Pikel (D:5)
  19 phantasmal warriors
  10 orc knights
  2 mana vipers (shapeshifter) (Vaults:5)
  29 deep elf pyromancers
  35 deep elf zephyrmancers
  9 lindwurms
  43 ugly things
  13 harpies
  A shining eye (Abyss:3)
  5 necromancers
  20 fauns
  A faun (shapeshifter) (Vaults:5)
  13 slime creatures
  18 wolf spiders
  12 manticores
  4 cyclopes
  6 orc sorcerers
  7 elephants
  10 merfolk sirens
  A manticore (shapeshifter) (Depths:3)
  3 black mambas
  3 rust devils
  4 smoke demons
  A water nymph (shapeshifter) (Vaults:1)
  4 cane toads
  14 moths of wrath
  4 water nymphs
  3 torpor snails
  An eye of devastation (Gauntlet)
  A guardian serpent (D:12)
  22 vault sentinels
  A black mamba (shapeshifter) (D:12)
  2 orange demons
  2 gargoyles
  10 demonic crawlers
  An orb spider zombie (Crypt:2)
  27 yaktaurs
  A pale draconian zombie (Crypt:1)
  An efreet (D:13)
  3 kobold demonologists
  3 tengu conjurers
  3 freezing wraiths
  4 komodo dragons
  A hellwing (D:10)
  A pale draconian skeleton (Crypt:3)
  An alligator snapping turtle skeleton (Crypt:3)
  12 guardian mummies
  A minotaur skeleton (Crypt:3)
  A rime drake (Lair:3)
  5 trolls
  An ice devil (D:9)
  A queen bee (D:9)
  A queen bee (shapeshifter) (Lair:5)
  A sea snake skeleton (Crypt:2)
  19 merfolk
  5 meliai
  6 hornets
  5 wolf spider simulacra
  A hornet (shapeshifter) (Vaults:5)
  Prince Ribbit (D:8)
  5 wind drakes (Shoals:4)
  4 polar bears
  11 snapping turtles
  A large abomination (Lair:5)
  2 ice dragon zombies (Crypt:1)
  16 tarantellas
  2 dream sheep (Lair:5)
  11 blink frogs
  20 jumping spiders
  2 starcursed masses (Abyss:3)
  2 centaur simulacra (Gauntlet)
  6 spriggans
  5 air elementals
  Sigmund (D:2)
  22 culicivoras
  6 ynoxinuls
  A satyr skeleton (Crypt:1)
  3 shadows
  A basilisk (Lair:4)
  7 wraiths
  A yak (shapeshifter) (D:15)
  18 yaks
  A vampire (Abyss:2)
  3 fire elementals
  3 humans (Vaults:4)
  4 wyverns
  2 hogs (Lair:3)
  20 water elementals
  2 ushabtiu (Crypt:3)
  A golden eye (Gauntlet)
  4 neqoxecs
  2 chaos spawn
  4 vampire mosquitoes (D:14)
  51 redbacks
  A harpy simulacrum (Gauntlet)
  4 wargs
  5 hell hounds
  8 water moccasins
  A floating eye (Depths:3)
  38 orc warriors
  A sky beast (D:7)
  2 black bears (D:6)
  3 ogres
  2 phantoms
  5 centaurs
  7 kobold brigands
  7 small abominations
  3 necrophages
  8 bullfrogs
  A gnoll sergeant (D:8)
  A vine stalker zombie (Crypt:2)
  2 earth elementals (Elf:1)
  A yaktaur skeleton (Crypt:3)
  6 elf skeletons (D:5)
  7 wights (D:7)
  A salamander skeleton (Crypt:2)
  A wyvern skeleton (Crypt:1)
  A warg zombie (Crypt:2)
  3 water moccasin zombies (Ossuary)
  An elephant simulacrum (IceCv)
  A yak zombie (Crypt:1)
  14 killer bees
  6 howler monkeys
  7 electric eels
  3 quasits
  A human zombie (Crypt:1)
  17 orc priests
  2 iron imps (Gauntlet)
  2 jellies
  Terence (D:3)
  5 iguanas
  4 hell rats (Lair:4)
  Natasha (thrice) (D:4)
  2 human skeletons
  24 orc wizards
  3 yak simulacra (Lair:4)
  7 polar bear simulacra
  2 wolf simulacra
  A naga skeleton (Crypt:3)
  A hound zombie (Crypt:1)
  An acid dragon skeleton (Crypt:1)
  2 mummies (Ossuary)
  Robin (D:3)
  13 gnolls
  12 adders
  A steam dragon zombie (Crypt:3)
  A shadow imp (D:6)
  3 white imps
  2 ufetubi
  4 adder zombies
  A worm (D:5)
  4 dart slugs
  101 orcs
  9 ball pythons
  4 bats
  4 endoplasms
  6 giant cockroaches
  6 goblins
  8 hobgoblins
  2 jackals (D:3)
  5 quokkas
  3 training dummies (Elf:2)
  An endoplasm zombie (Crypt:2)
  3 frilled lizards
  3 gnoll zombies (Ossuary)
  8 hobgoblin zombies (Ossuary)
  A jackal zombie (Crypt:2)
  27 kobolds
  7 kobold zombies (Ossuary)
  3 orc skeletons (D:5)
  6 orc zombies
  2 rats
  2 river rat simulacra (Lair:4)
  5 starspawn tentacles
  4 tentacles (Shoals:1)
2128 creatures vanquished.

Vanquished Creatures (collateral kills)
  Gastronok (D:8)
  A two-headed ogre (D:11)
  A thrashing horror (Lair:5)
  An orb spider (Spider:1)
  A lindwurm (Lair:5)
  2 orc knights (Orc:2)
  A necromancer (Lair:4)
  A wolf spider zombie (Spider:4)
  2 orc sorcerers (Orc:2)
  A cyclops (D:13)
  2 ugly things
  A manticore (D:11)
  6 elephants
  An orange demon (D:8)
  A cane toad (Lair:5)
  2 smoke demons
  2 kobold demonologists (D:12)
  A rime drake (Lair:1)
  A hellwing (D:9)
  3 red devils (D:9)
  An ancient zyme (Lair:5)
  An ice devil (D:9)
  A tarantella (Spider:1)
  A polar bear (Lair:1)
  10 blink frogs
  A hornet (D:9)
  2 slime creatures
  2 dream sheep (Lair:5)
  2 ynoxinuls (Lair:5)
  A culicivora (Spider:1)
  16 yaks
  A wraith (D:13)
  3 redbacks (Spider:1)
  A basilisk (Lair:5)
  A chaos spawn (D:9)
  5 small abominations (Lair:5)
  8 orc warriors
  2 black bears (Lair:1)
  4 ogres (Orc:2)
  9 kobold brigands
  2 bullfrogs
  A quasit (D:9)
  5 orc priests
  4 orc wizards (Orc:2)
  18 orcs
  5 kobolds
  2 foxfires (Lair:4)
141 creatures vanquished.

Vanquished Creatures (others)
  A doom hound (Depths:2)
  2 emperor scorpions (Spider:1)
  A deep elf demonologist (Vaults:5)
  2 yaktaur captains
  An ice dragon (Depths:2)
  2 death yaks (Lair:4)
  A shadow wraith (Vaults:5)
  A deep elf pyromancer (Elf:3)
  A black mamba (Lair:4)
  An apocalypse crab (Shoals:1)
  A gargoyle (D:12)
  A polar bear (Lair:1)
  2 water elementals (Elf:2)
  3 hell rats (Lair:4)
  A polar bear simulacrum (IceCv)
  A kobold (D:8)
  6 demonic plants
  1188 foxfires
  24 fungi
  112 plants
  6 starspawn tentacles
  6 tentacles (Shoals:1)
1364 creatures vanquished.

Grand Total: 3633 creatures vanquished

Notes
Turn   | Place    | Note
-------+----------+-------------------------------------------
     0 | D:1      | Ge0ff the Felid Fire Elementalist began the quest for the
                  | Orb.
     0 | D:1      | Reached XP level 1. HP: 7/7 MP: 4/4
    28 | D:1      | Reached skill level 1 in Conjurations
   242 | D:1      | Reached XP level 2. HP: 11/11 MP: 3/6
   245 | D:1      | Learned a level 2 spell: Scorch
   992 | D:1      | Reached XP level 3. HP: 14/14 MP: 5/7
  1359 | D:2      | Noticed Sigmund
  1782 | D:3      | Found a hide-covered altar of Uskayaw.
  1802 | D:3      | Found a white marble altar of Elyvilon.
  1815 | D:3      | Became a worshipper of Elyvilon the Healer
  1896 | D:3      | Noticed Terence
  2306 | D:2      | Reached * piety under Elyvilon
  2685 | D:3      | Reached XP level 4. HP: 18/18 MP: 2/8
  3046 | D:3      | Killed Terence
  3172 | D:3      | Found a faded altar of an unknown god.
  3192 | D:3      | Noticed Robin
  3214 | D:3      | Killed Robin
  3235 | D:3      | Reached XP level 5. HP: 21/21 MP: 0/9
  3379 | D:3      | You fall into a shaft and drop 1 floor!
  3430 | D:4      | Found an opulent altar of Gozag.
  3496 | D:4      | Noticed Natasha
  3504 | D:4      | Killed Natasha
  3614 | D:4      | Noticed Natasha
  3624 | D:4      | Killed Natasha
  3833 | D:4      | Noticed an ogre
  3839 | D:4      | Killed an ogre
  3840 | D:4      | Gained mutation: You are covered in thick fur. (AC +2)
                  | [Felid growth]
  3840 | D:4      | Reached XP level 6. HP: 24/24 MP: 3/10
  3844 | D:4      | Noticed Natasha
  4063 | D:4      | Reached ** piety under Elyvilon
  4077 | D:4      | Reached skill level 5 in Conjurations
  4077 | D:4      | Reached skill level 5 in Fire Magic
  4294 | D:4      | Reached XP level 7. HP: 18/27 MP: 4/11
  4504 | D:4      | Found an opulent altar of Gozag.
  4547 | D:4      | Killed Natasha
  4807 | D:5      | Entered Level 5 of the Dungeon
  4819 | D:5      | Found Waideiv's Antique Weapon Boutique.
  5174 | D:5      | Found a sand-covered staircase.
  5277 | Ossuary  | Entered an ossuary
  5433 | Ossuary  | Reached skill level 1 in Unarmed Combat
  5770 | Ossuary  | Reached XP level 8. HP: 31/31 MP: 10/12
  6431 | D:5      | Reached skill level 1 in Fighting
  6704 | D:5      | Reached skill level 1 in Invocations
  6959 | D:5      | Noticed Pikel
  6964 | D:5      | Learned a level 3 spell: Inner Flame
  6992 | D:5      | Killed Pikel
  7313 | D:5      | Identified the +5 short sword of Beizos Efeze {vorpal,
                  | *Noise rC+ rCorr}
  7372 | D:5      | Found Waideiv's Antique Weapon Boutique.
  7989 | D:6      | Reached XP level 9. HP: 17/35 MP: 2/14
  8619 | D:6      | Reached *** piety under Elyvilon
  8692 | D:6      | Found an ornate altar of the Wu Jian Council.
  9011 | D:6      | Found a radiant altar of Vehumet.
  9040 | D:7      | Reached skill level 5 in Hexes
  9326 | D:6      | Learned a level 4 spell: Summon Lightning Spire
  9391 | D:7      | Found a shimmering altar of Xom.
  9467 | D:7      | Found a staircase to the Ecumenical Temple.
  9607 | D:7      | Found Hunato's Book Boutique.
  9625 | D:7      | Reached skill level 1 in Summonings
  9625 | D:7      | Reached skill level 1 in Air Magic
  9773 | D:7      | Reached skill level 5 in Invocations
 10232 | D:7      | Reached **** piety under Elyvilon
 10545 | D:8      | Noticed Gastronok
 10662 | D:8      | Reached XP level 10. HP: 22/39 MP: 4/15
 10754 | D:8      | Noticed Prince Ribbit
 10758 | D:8      | Killed Prince Ribbit
 11042 | D:8      | Noticed Erica
 11395 | D:8      | Noticed Amaemon
 11467 | D:9      | Noticed a sixfirhy
 11467 | D:9      | Reached ***** piety under Elyvilon
 11620 | D:9      | Noticed a rust devil
 12010 | D:8      | Killed Erica
 12069 | D:8      | Noticed an orange demon
 12109 | D:8      | Reached skill level 5 in Summonings
 12276 | D:2      | Killed Sigmund
 12426 | D:8      | Found a shimmering blue altar of Sif Muna.
 12523 | D:8      | Killed Amaemon
 12524 | D:8      | Reached skill level 5 in Air Magic
 12552 | D:8      | Killed an orange demon
 12635 | D:8      | Killed from afar by Gastronok
 12636 | D:8      | Reached XP level 9. HP: 0/35 MP: 15/15
 12789 | D:8      | Reached XP level 10. HP: 18/39 MP: 1/17
 12918 | D:9      | Found a transporter.
 12918 | D:9      | Found a transporter.
 12918 | D:9      | Noticed Tenar's ghost (novice BaIE)
 12945 | D:9      | Elyvilon protects you from harm!
 12946 | D:9      | Slain by a sixfirhy
 12947 | D:9      | Reached XP level 9. HP: 0/35 MP: 15/16
 12947 | D:9      | Noticed a red devil
 12986 | D:9      | Noticed a hellwing
 12993 | D:10     | Entered Level 10 of the Dungeon
 12993 | D:10     | Found an iron altar of Okawaru.
 13296 | D:10     | Killed a large slime creature
 13455 | D:10     | Found a shadowy altar of Dithmenos.
 13637 | D:10     | Found a stormy altar of Qazlal.
 13663 | D:10     | Found a blossoming altar of Fedhas.
 13885 | D:10     | Found a burning altar of Makhleb.
 13987 | D:10     | Found a staircase to the Lair.
 14380 | D:9      | Killed a red devil
 14381 | D:9      | Reached XP level 10. HP: 42/42 MP: 13/17
 14437 | D:9      | Reached skill level 5 in Dodging
 14621 | D:9      | Noticed a rust devil
 14626 | D:9      | Gained mutation: You are weak. (Str -2) [a neqoxec]
 14660 | D:9      | Gained mutation: You have hidden genetic defects. [a
                  | neqoxec]
 14704 | D:10     | Lost mutation: You are weak. (Str -2) [potion of mutation]
 14704 | D:10     | Lost mutation: You have hidden genetic defects. [potion of
                  | mutation]
 14704 | D:10     | Gained mutation: You occasionally lose the ability to read
                  | scrolls when taking damage. [potion of mutation]
 14704 | D:10     | Gained mutation: You are clumsy. (Dex -2) [potion of
                  | mutation]
 14704 | D:10     | Gained mutation: You are occasionally teleported next to
                  | monsters. [potion of mutation]
 14704 | D:10     | Gained mutation: Your flesh is cold resistant. (rC+)
                  | [potion of mutation]
 14705 | D:10     | Lost mutation: You are occasionally teleported next to
                  | monsters. [potion of mutation]
 14705 | D:10     | Lost mutation: Your flesh is cold resistant. (rC+) [potion
                  | of mutation]
 14705 | D:10     | Gained mutation: Your flesh is heat resistant. (rF+)
                  | [potion of mutation]
 14705 | D:10     | Gained mutation: Your body sometimes deteriorates upon
                  | taking damage. [potion of mutation]
 14705 | D:10     | Gained mutation: Your thick and shaggy fur keeps you warm.
                  | (AC +3, rC+) [potion of mutation]
 14816 | D:11     | Noticed a manticore
 14828 | D:11     | Killed a manticore
 15057 | D:11     | Noticed a gargoyle
 15065 | D:11     | Killed a gargoyle
 15096 | D:11     | Noticed a two-headed ogre
 15102 | D:11     | Killed a two-headed ogre
 15103 | D:11     | Reached skill level 5 in Spellcasting
 15456 | D:11     | Learned a level 7 spell: Storm Form
 15611 | Lair:1   | Entered Level 1 of the Lair of Beasts
 15668 | Lair:1   | Reached skill level 1 in Transmutations
 15708 | Lair:1   | Noticed a cane toad
 15714 | Lair:1   | Pacified a cane toad
 15880 | Lair:1   | Reached XP level 11. HP: 45/45 MP: 14/19
 15957 | Lair:1   | Noticed Sonja
 16083 | Lair:1   | You fall into a shaft and drop 1 floor!
 16324 | Lair:2   | Reached ****** piety under Elyvilon
 16700 | Lair:1   | Reached skill level 5 in Transmutations
 16852 | Lair:1   | Was placed under penance by Elyvilon
 17307 | Lair:2   | Found a hole to the Spider Nest.
 17324 | Lair:2   | Was forgiven by Elyvilon
 17687 | Lair:1   | Pacified Sonja
 17688 | Lair:1   | Mutation became permanent: You are covered in thick fur.
                  | (AC +2) [Felid growth]
 17688 | Lair:1   | Gained mutation: Your thick and shaggy fur keeps you warm.
                  | (AC +3, rC+) [Felid growth]
 17688 | Lair:1   | Reached XP level 12. HP: 48/48 MP: 19/22
 17753 | Lair:3   | Noticed Kirke
 17840 | Lair:3   | Noticed a boulder beetle
 17843 | Lair:3   | Pacified a boulder beetle
 18015 | Lair:3   | Found a staircase to the Shoals.
 18176 | Lair:3   | Killed Kirke
 18829 | Lair:4   | Noticed a six-headed hydra
 18839 | Lair:4   | Pacified a six-headed hydra
 18868 | Lair:4   | Noticed a death yak
 18868 | Lair:4   | Noticed a death yak
 18869 | Lair:4   | Pacified a death yak
 18905 | Lair:4   | Noticed a death yak
 18906 | Lair:4   | Pacified a death yak
 18910 | Lair:4   | Killed a death yak
 18911 | Lair:4   | Noticed a death yak
 18912 | Lair:4   | Noticed a death yak
 18921 | Lair:4   | Killed a death yak
 18991 | Lair:4   | Noticed a death yak
 18991 | Lair:4   | Noticed a death yak
 18993 | Lair:4   | Pacified a death yak
 19065 | Lair:4   | Pacified a death yak
 19066 | Lair:4   | Pacified a death yak
 19067 | Lair:4   | Reached XP level 13. HP: 51/51 MP: 20/24
 19083 | Lair:4   | Found a frozen archway.
 19089 | IceCv    | Entered an ice cave
 19462 | Lair:4   | Reached skill level 1 in Evocations
 19526 | Lair:4   | Identified the +8 long sword of Gozag, Bursting {flame,
                  | rElec Str+3 Int-3}
 19590 | Lair:4   | Reached skill level 10 in Air Magic
 19608 | Lair:4   | Reached skill level 10 in Invocations
 20879 | Lair:5   | Entered Level 5 of the Lair of Beasts
 20990 | Lair:5   | Was placed under penance by Elyvilon
 21120 | Lair:5   | Reached skill level 10 in Transmutations
 21162 | Lair:5   | Was forgiven by Elyvilon
 21600 | Lair:5   | Found a staircase to the Slime Pits.
 21628 | Lair:5   | Found a runed translucent door.
 21628 | Lair:5   | Found a shimmering altar of Xom.
 21628 | Lair:5   | Identified the +7 dire flail "Atuxuun" {chaos, Will+}
 21628 | Lair:5   | Noticed Capogack's ghost (journeyman MiFi)
 21956 | Lair:5   | Learned a level 4 spell: Flame Wave
 22188 | Lair:5   | Elyvilon protects you from harm!
 22464 | Lair:5   | Found the +9 staff of Olgreb {rPois∞}
 22675 | Lair:5   | HP: 1/51 [thrashing horror (10)]
 22804 | Lair:5   | Found a corrupted altar of Lugonu.
 22824 | Lair:5   | Reached XP level 14. HP: 49/55 MP: 15/27
 22901 | Lair:5   | Found a one-way gate to the infinite horrors of the Abyss.
 24046 | D:8      | Killed Gastronok
 24274 | D:8      | Found a shimmering blue altar of Sif Muna.
 24733 | D:9      | Found a transporter.
 24735 | D:9      | Found a transporter.
 25416 | D:9      | HP: 1/55 [frozen (9)]
 26681 | D:12     | Found a staircase to the Orcish Mines.
 26899 | D:12     | Elyvilon protects you from harm!
 27245 | D:13     | Found Geregh's Armour Shop.
 27478 | D:13     | Lost mutation: Your body sometimes deteriorates upon taking
                  | damage. [potion of mutation]
 27478 | D:13     | Lost mutation: You occasionally lose the ability to read
                  | scrolls when taking damage. [potion of mutation]
 27478 | D:13     | Lost mutation: Your flesh is heat resistant. (rF+) [potion
                  | of mutation]
 27478 | D:13     | Gained mutation: Your muscles are strong. (Str +4, Int/Dex
                  | -1) [potion of mutation]
 27478 | D:13     | Gained mutation: Your flesh is heat resistant. (rF+)
                  | [potion of mutation]
 27478 | D:13     | Gained mutation: Potions are less effective at restoring
                  | your health. [potion of mutation]
 27478 | D:13     | Gained mutation: You are robust. (+10% HP) [potion of
                  | mutation]
 27796 | D:13     | Learned a level 5 spell: Irradiate
 28740 | Orc:1    | Entered Level 1 of the Orcish Mines
 28982 | Orc:1    | Noticed an orc warlord
 29102 | Orc:1    | Elyvilon protects you from harm!
 29205 | Orc:1    | Noticed an orc warlord
 29205 | Orc:1    | Noticed an orc warlord
 29275 | Orc:1    | Learned a level 4 spell: Manifold Assault
 29289 | Orc:2    | Entered Level 2 of the Orcish Mines
 29406 | Orc:2    | Found a staircase to the Elven Halls.
 29691 | Orc:2    | Reached skill level 1 in Translocations
 29998 | Orc:2    | Found Vurotz's Distillery.
 30794 | Orc:2    | HP: 3/60 [orc high priest/+0 glaive (11)]
 31098 | Orc:2    | Found Qosigod's General Store.
 31235 | Orc:2    | Found Ilunof's Jewellery Shop.
 31242 | Orc:2    | Found Samuicar's General Store.
 31244 | Orc:2    | Found Jafauh's Jewellery Shoppe.
 31250 | Orc:2    | Bought a scroll of teleportation for 36 gold pieces
 31250 | Orc:2    | Bought a potion of resistance for 120 gold pieces
 31253 | Orc:2    | Bought a ring of willpower for 325 gold pieces
 31253 | Orc:2    | Bought a ring of wizardry for 390 gold pieces
 31866 | Orc:1    | Killed an orc warlord
 31876 | Orc:1    | Reached XP level 15. HP: 39/63 MP: 10/29
 33630 | D:7      | Bought a book of Blasting for 440 gold pieces
 33636 | D:7      | Learned a level 4 spell: Iskenderun's Mystic Blast
 33778 | Orc:2    | Bought a potion of haste for 100 gold pieces
 33778 | Orc:2    | Bought 2 potions of haste for 200 gold pieces
 33924 | D:9      | Killed Tenar's ghost
 34259 | D:14     | Found a gate leading to a gauntlet.
 34348 | Gauntlet | Entered a Gauntlet
 34348 | Gauntlet | Found a transporter.
 34348 | Gauntlet | Found a transporter.
 34362 | Gauntlet | Found a transporter.
 34365 | Gauntlet | Found a transporter.
 34373 | Gauntlet | Found a transporter.
 34377 | Gauntlet | Found a transporter.
 34384 | Gauntlet | Found a runed translucent door.
 34387 | Gauntlet | Found a transporter.
 34402 | Gauntlet | Found a transporter.
 34419 | Gauntlet | Found a transporter.
 34420 | Gauntlet | Found a transporter.
 34428 | Gauntlet | Found a transporter.
 34432 | Gauntlet | Found a transporter.
 34943 | Gauntlet | Identified the +0 hat of Guocrish {+Inv}
 35132 | D:14     | Found a gate to the Vaults.
 35571 | D:14     | Reached skill level 5 in Translocations
 37013 | D:15     | Entered Level 15 of the Dungeon
 38183 | D:15     | Reached skill level 10 in Translocations
 38719 | D:15     | Found a staircase to the Depths.
 38719 | D:15     | Noticed a frost giant
 38725 | D:15     | HP: 2/66 [frost giant/bolt of cold (24)]
 39212 | D:15     | Killed a frost giant
 39453 | Spider:1 | Entered Level 1 of the Spider Nest
 39666 | Spider:1 | Reached skill level 5 in Fighting
 39936 | Spider:1 | Reached skill level 5 in Unarmed Combat
 39936 | Spider:1 | Reached XP level 16. HP: 71/71 MP: 21/30
 40723 | Spider:1 | Reached skill level 15 in Transmutations
 40747 | Spider:1 | Reached skill level 10 in Spellcasting
 42299 | Spider:2 | Noticed Asterion
 43368 | Spider:3 | Noticed Arachne
 43499 | Spider:3 | Learned a level 4 spell: Petrify
 43570 | Spider:3 | Noticed Louise
 43652 | Spider:3 | Learned a level 1 spell: Apportation
 43660 | Spider:4 | Entered Level 4 of the Spider Nest
 43688 | Spider:4 | Reached skill level 1 in Earth Magic
 45006 | Spider:3 | Killed Louise
 45096 | Spider:3 | Killed Arachne
 45610 | Spider:3 | Elyvilon protects you from harm!
 45813 | Spider:4 | Reached skill level 5 in Stealth
 46163 | Spider:4 | Reached XP level 17. HP: 75/75 MP: 24/32
 46882 | Spider:4 | Reached skill level 5 in Earth Magic
 46971 | Spider:4 | Reached skill level 15 in Air Magic
 47508 | Spider:4 | Got a gossamer rune of Zot
 48748 | Spider:2 | Killed Asterion
 49279 | Lair:5   | Killed Capogack's ghost
 49434 | Shoals:1 | Entered Level 1 of the Shoals
 49959 | Shoals:1 | Noticed a kraken
 49968 | Shoals:1 | Killed a kraken
 49969 | Shoals:1 | Gained mutation: Your body sometimes deteriorates upon
                  | taking damage. [mutagenic glow]
 49976 | Shoals:1 | Lost mutation: Your muscles are strong. (Str +4, Int/Dex
                  | -1) [potion of mutation]
 49976 | Shoals:1 | Lost mutation: You are robust. (+10% HP) [potion of
                  | mutation]
 49976 | Shoals:1 | Gained mutation: Your magical capacity is low. (-10% MP)
                  | [potion of mutation]
 50018 | Shoals:1 | Identified the ring of Feurim Woqe {EV+4 Dex+2}
 50246 | Shoals:1 | Noticed a tentacled monstrosity
 50257 | Shoals:1 | Killed a tentacled monstrosity
 50268 | Shoals:1 | Got the Grimoire of Mad Ravings
 52326 | Shoals:2 | Noticed Polyphemus
 52360 | Shoals:2 | Killed Polyphemus
 52366 | Shoals:2 | Lost mutation: You are clumsy. (Dex -2) [potion of
                  | mutation]
 52366 | Shoals:2 | Lost mutation: Potions are less effective at restoring your
                  | health. [potion of mutation]
 52366 | Shoals:2 | Lost mutation: Your magical capacity is low. (-10% MP)
                  | [potion of mutation]
 52366 | Shoals:2 | Gained mutation: Your spells are a little harder to cast,
                  | but a little more powerful. [potion of mutation]
 52366 | Shoals:2 | Gained mutation: Your spells are harder to cast, but more
                  | powerful. [potion of mutation]
 52860 | Shoals:3 | Reached XP level 18. HP: 33/72 MP: 8/34
 53002 | Shoals:3 | Noticed Ilsuiw
 53327 | Shoals:3 | Killed Ilsuiw
 53656 | Shoals:3 | Identified the +4 scale mail "Ujiveed" {Rampage rN+}
 53660 | Shoals:3 | Noticed Nikola
 53689 | Shoals:3 | Learned a level 5 spell: Silence
 53751 | Shoals:3 | Killed Nikola
 54138 | Shoals:4 | Entered Level 4 of the Shoals
 55965 | Shoals:4 | Got a barnacled rune of Zot
 56303 | Elf:1    | Entered Level 1 of the Elven Halls
 56615 | Elf:1    | Identified the +0 plate armour of the Slorg {Int+5}
 57348 | Elf:1    | Noticed Azrael
 57358 | Elf:1    | Killed Azrael
 57671 | Elf:1    | Found a shimmering blue altar of Sif Muna.
 57753 | Elf:1    | Identified the +4 mace of the Middle {flame, Will+}
 57867 | Elf:2    | Paralysed by an air elemental for 1 turns
 58235 | Elf:2    | Reached XP level 19. HP: 77/77 MP: 25/36
 58263 | Elf:2    | Identified the +1 scale mail of Veguvur {+Blink rC+}
 58621 | Abyss:2  | Cast into level 2 of the Abyss (deep elf knight)
 58628 | Elf:2    | Escaped the Abyss
 58643 | Elf:2    | Learned a level 5 spell: Lee's Rapid Deconstruction
 58655 | Elf:2    | Found a runed translucent gate.
 58655 | Elf:2    | Found a runed translucent gate.
 58655 | Elf:2    | Found a runed translucent gate.
 60475 | Elf:3    | Entered Level 3 of the Elven Halls
 60613 | Elf:3    | Found Zinar's Neck Hole.
 62760 | Elf:3    | Identified the +5 short sword "Ethoffimno" {vorpal, rF-
                  | rCorr MP+9 Dex+2}
 62760 | Elf:3    | Identified the +3 ring mail of the Hairy God {Str+3 Int+4}
 62841 | Elf:3    | Identified the +2 robe of Forking Paths {rN+}
 62897 | Elf:3    | Identified the +9 falchion of Adoddutt {pain, rF+ Str+4}
 62952 | Elf:3    | Identified the ring "Xesiady" {rPois rC++ Str+3 Stlth-}
 63116 | Elf:3    | Identified the +4 leather armour "Doutwe" {Will++ Str+2
                  | Int-5 Stlth+}
 63289 | Elf:3    | Reached skill level 10 in Stealth
 63290 | Elf:3    | Identified the ring "Xipreusac" {Wiz rElec rC+ Str+2}
 63916 | Elf:3    | Got Sif Muna's Discourse on the Gift and the Blizzard
 63986 | Elf:3    | Identified the +0 kite shield of Undesirable Species {Fly
                  | Int+5}
 64235 | Vaults:1 | Entered Level 1 of the Vaults
 64424 | Vaults:1 | Reached skill level 5 in Evocations
 64558 | Vaults:1 | Reached XP level 20. HP: 74/84 MP: 32/38
 65628 | Vaults:1 | Found the +8 lance "Wyrmbane" {slay drac, rPois rF+ rC+
                  | AC+3}
 65641 | Vaults:1 | Found a runed translucent door.
 65641 | Vaults:1 | Noticed nago's ghost (adept TrDe)
 65660 | Vaults:1 | Killed nago's ghost
 66196 | Vaults:2 | Found a magical portal.
 66217 | WizLab   | Entered Tukima's Studio
 67377 | WizLab   | Noticed Ge0ff's illusion
 68765 | Vaults:3 | Learned a level 7 spell: Dragon Form
 69313 | Vaults:3 | Noticed Donald
 69316 | Vaults:3 | Killed Donald
 69608 | Vaults:3 | Reached XP level 21. HP: 66/90 MP: 31/40
 69625 | Vaults:3 | Noticed Bai Suzhen
 69657 | Vaults:3 | Reached skill level 10 in Dodging
 69834 | Vaults:4 | Found a flickering gateway to a bazaar.
 69843 | Bazaar   | Entered a bazaar
 69843 | Bazaar   | Found Parph's Armour Boutique.
 69843 | Bazaar   | Found Qieh's Weapon Shop.
 69843 | Bazaar   | Found Baepooc's Distillery.
 69843 | Bazaar   | Found Leutipt's General Store.
 69843 | Bazaar   | Found Achon's Weapon Shop.
 69843 | Bazaar   | Found Mips's Weapon Boutique.
 69948 | Bazaar   | Bought a potion of heal wounds for 55 gold pieces
 69948 | Bazaar   | Bought a potion of resistance for 110 gold pieces
 69948 | Bazaar   | Bought 2 potions of brilliance for 88 gold pieces
 69948 | Bazaar   | Bought a potion of curing for 33 gold pieces
 69948 | Bazaar   | Bought a potion of curing for 33 gold pieces
 69948 | Bazaar   | Bought a potion of curing for 33 gold pieces
 69958 | Bazaar   | Bought a potion of curing for 27 gold pieces
 70805 | Vaults:3 | Found Asang's Antique Weapon Emporium.
 70811 | Vaults:3 | Reached skill level 10 in Fighting
 70910 | Vaults:3 | Noticed Mara
 70922 | Vaults:3 | Killed Mara
 71206 | Vaults:3 | Found a staircase to the Crypt.
 71584 | Vaults:3 | Killed Bai Suzhen
 71834 | Vaults:3 | Found Asang's Antique Weapon Emporium.
 71887 | Vaults:3 | Found a staircase to the Crypt.
 72566 | Vaults:4 | Reached skill level 15 in Translocations
 72657 | Vaults:4 | Reached skill level 15 in Spellcasting
 74441 | Crypt:1  | Entered Level 1 of the Crypt
 74635 | Crypt:1  | Reached XP level 22. HP: 79/95 MP: 34/42
 74645 | Crypt:1  | Slain by a ghoul
 74646 | Crypt:1  | Reached XP level 21. HP: -5/91 MP: 35/41
 76073 | Crypt:1  | Found an ancient bone altar of Kikubaaqudgha.
 76179 | Crypt:1  | Reached skill level 10 in Unarmed Combat
 76288 | Crypt:2  | Identified a scroll of acquirement
 76290 | Crypt:2  | Acquired the ring of Jaisygo {+Blink Will++ AC+4 Str+3
                  | Stlth-}
 77124 | Crypt:2  | Identified the +4 ring mail of the Solstice {Int+6}
 77175 | Crypt:2  | Gained mutation: Your magical capacity is low. (-10% MP)
                  | [mutagenic glow]
 77629 | Crypt:3  | Entered Level 3 of the Crypt
 78197 | Crypt:3  | Reached skill level 15 in Dodging
 78372 | Crypt:3  | Found a staircase to the Tomb.
 79684 | Crypt:3  | Noticed a profane servitor
 79691 | Crypt:3  | Killed a profane servitor
 79838 | Crypt:3  | Found an ancient bone altar of Kikubaaqudgha.
 79844 | Crypt:3  | Found a basalt altar of Yredelemnul.
 79871 | Crypt:3  | Reached XP level 22. HP: 97/97 MP: 27/37
 79919 | Crypt:3  | Identified the +7 long sword "Ileistur" {protect, rN+ rCorr
                  | Int+7 Dex-3}
 79920 | Crypt:3  | Identified the ring of Roqud {rElec rPois Str+6}
 79922 | Crypt:3  | Identified the +0 double sword "Qorphech" {freeze, SInv}
 79926 | Crypt:3  | Identified the +5 fire dragon scales "Yblorugg" {Rampage
                  | rF++ rC-}
 79968 | Crypt:3  | Found an ancient bone altar of Kikubaaqudgha.
 80119 | Crypt:3  | Found a staircase to the Tomb.
 80872 | Depths:1 | Entered Level 1 of the Depths
 81408 | Depths:1 | Found a hazy altar of Hepliaklqana.
 82376 | Depths:1 | Found a gateway to Hell.
 82477 | Depths:2 | Found a one-way gateway to a ziggurat.
 82527 | Depths:2 | Found a flickering gateway to a bazaar.
 82536 | Bazaar   | Entered a bazaar
 82576 | Bazaar   | Found Soaxeung's Weapon Shop.
 82590 | Bazaar   | Found Kuines's Distillery.
 82590 | Bazaar   | Found Uhothata's Armour Shop.
 82616 | Bazaar   | Found Qoosakug's Book Shop.
 82622 | Bazaar   | Bought a book of Burglary for 180 gold pieces
 82650 | Bazaar   | Bought a potion of curing for 42 gold pieces
 82650 | Bazaar   | Bought a potion of haste for 140 gold pieces
 82650 | Bazaar   | Bought a potion of haste for 140 gold pieces
 82650 | Bazaar   | Bought a potion of might for 56 gold pieces
 82650 | Bazaar   | Bought 2 potions of heal wounds for 140 gold pieces
 82650 | Bazaar   | Bought a potion of invisibility for 112 gold pieces
 82668 | Depths:2 | Learned a level 2 spell: Passwall
 82831 | Depths:2 | Noticed Grunn
 82881 | Depths:2 | Found a one-way gate leading to the halls of Pandemonium.
 82909 | Depths:2 | Reached skill level 15 in Stealth
 83503 | Depths:2 | Identified the +1 scale mail of Woergh {rF+ Slay+3}
 83882 | Depths:2 | Killed Grunn
 84376 | Depths:2 | Found a one-way gateway to a ziggurat.
 84582 | Depths:2 | Found a one-way gate leading to the halls of Pandemonium.
 85282 | Depths:3 | Noticed a juggernaut
 85291 | Depths:3 | Killed a juggernaut
 85292 | Depths:3 | Reached skill level 10 in Evocations
 85361 | Depths:3 | Found a snail-covered altar of Cheibriados.
 85403 | Depths:3 | Noticed a dread lich
 85409 | Depths:3 | Killed a dread lich
 85420 | Depths:3 | Got the Exposition on Heat and the Wind
 85426 | Depths:3 | Learned a level 3 spell: Vhi's Electric Charge
 85494 | Depths:3 | Noticed a caustic shrike
 85649 | Depths:3 | Killed a caustic shrike
 86453 | Depths:3 | Found a runed translucent gate.
 86453 | Depths:3 | Found a runed translucent gate.
 86453 | Depths:3 | Found a runed translucent gate.
 86453 | Depths:3 | Noticed Vivviwk's ghost (adept DECj)
 86453 | Depths:3 | Noticed ouz's ghost (master FoFi)
 86791 | Depths:2 | Killed ouz's ghost
 87029 | Depths:3 | Killed Vivviwk's ghost
 87094 | Depths:4 | Entered Level 4 of the Depths
 87220 | Depths:4 | Reached XP level 23. HP: 103/103 MP: 23/38
 87422 | Depths:4 | Noticed Xtahua
 87432 | Depths:4 | Killed Xtahua
 87433 | Depths:4 | Reached skill level 10 in Earth Magic
 87505 | Depths:4 | Reached skill level 10 in Conjurations
 88604 | Depths:4 | Found a gate to the Realm of Zot.
 89089 | Orc:2    | Bought a potion of curing for 30 gold pieces
 89089 | Orc:2    | Bought a potion of curing for 30 gold pieces
 89089 | Orc:2    | Bought a potion of mutation for 80 gold pieces
 89089 | Orc:2    | Bought a potion of curing for 30 gold pieces
 89089 | Orc:2    | Bought 2 potions of berserk rage for 100 gold pieces
 89258 | Depths:2 | Voluntarily entered the Abyss.
 89273 | Depths:2 | Escaped the Abyss
 89275 | Depths:2 | Voluntarily entered the Abyss.
 89275 | Abyss:2  | Found an iron altar of Okawaru.
 89395 | Abyss:3  | Got an abyssal rune of Zot
 89411 | Abyss:3  | Found a corrupted altar of Lugonu.
 89436 | Abyss:3  | Found a shimmering blue altar of Sif Muna.
 89550 | Depths:2 | Escaped the Abyss
 89882 | Vaults:4 | You are sucked into a shaft and drop 1 floor!
 89882 | Vaults:5 | Entered Level 5 of the Vaults
 89944 | Vaults:5 | Noticed an ancient lich
 90181 | Vaults:5 | Identified the ring of Epicaupp {Fire *Corrode rElec Int+3
                  | Dex+6}
 90300 | Vaults:5 | Reached skill level 15 in Invocations
 90653 | Vaults:5 | Killed an ancient lich
 91381 | Vaults:5 | Reached XP level 24. HP: 109/109 MP: 30/38
 91697 | Vaults:5 | Got a silver rune of Zot
 91959 | Vaults:5 | Identified the ring of Miofrut {rPois Int+2}
 91967 | Vaults:5 | Got the Compendium of the Many Songs
 92159 | Vaults:5 | Identified the +10 scimitar of Suuntewk {freeze, rF+ rCorr
                  | Dex+4}
 92169 | Vaults:5 | Found the +3 pair of mountain boots {steadfast, rC+}
 92717 | Zot:1    | Entered Level 1 of the Realm of Zot
 93698 | Zot:2    | Reached skill level 15 in Unarmed Combat
 93743 | Zot:2    | Identified the +2 shortbow "Qihi" {flame, rPois rC+ Str+2}
 94897 | Zot:4    | Identified the +5 whip of Youthful Indiscretion {antimagic,
                  | Will+ Int+3}
 96116 | Zot:5    | Entered Level 5 of the Realm of Zot
 96126 | Zot:5    | Learned a level 6 spell: Dispersal
 97230 | Zot:5    | Noticed a Killer Klown
 97239 | Zot:5    | Killed a Killer Klown
 97249 | Zot:5    | Noticed a Killer Klown
 97313 | Zot:5    | Killed a Killer Klown
 97587 | Zot:5    | Reached XP level 25. HP: 112/112 MP: 21/38
 97594 | Zot:5    | Noticed a dread lich
 97597 | Zot:5    | Killed a dread lich
 97716 | Zot:5    | Noticed an ancient lich
 97724 | Zot:5    | Noticed a Killer Klown
 97730 | Zot:5    | Noticed a Killer Klown
 97734 | Zot:5    | Killed an ancient lich
 97739 | Zot:5    | Killed a Killer Klown
 98070 | Zot:5    | Noticed an ancient lich
 98087 | Zot:5    | Killed an ancient lich
 98474 | Zot:5    | Killed a Killer Klown
 98536 | Zot:5    | Noticed a dread lich
 98548 | Zot:5    | Killed a dread lich
 98577 | Zot:5    | Noticed a dread lich
 98587 | Zot:5    | Killed a dread lich
 98642 | Zot:5    | Noticed an orb of fire
 98644 | Zot:5    | Gained mutation: You are dopey. (Int -2) [an orb of fire]
 98647 | Zot:5    | Gained mutation: You are clumsy. (Dex -2) [an orb of fire]
 98650 | Zot:5    | Killed an orb of fire
 98652 | Zot:5    | Noticed an orb of fire
 98663 | Zot:5    | Gained mutation: You have hidden genetic defects. [an orb
                  | of fire]
 98664 | Zot:5    | Gained mutation: Your system is resistant to poisons.
                  | (rPois) [an orb of fire]
 98665 | Zot:5    | Gained mutation: Your magical capacity is very low. (-20%
                  | MP) [an orb of fire]
 98666 | Zot:5    | Killed an orb of fire
 98727 | Zot:5    | Noticed a dread lich
 98744 | Zot:5    | Killed a dread lich
 98879 | Zot:5    | Noticed a dread lich
 98895 | Zot:5    | Killed a dread lich
 99392 | Zot:5    | Lost mutation: Your body sometimes deteriorates upon taking
                  | damage. [potion of mutation]
 99392 | Zot:5    | Lost mutation: You are dopey. (Int -2) [potion of mutation]
 99392 | Zot:5    | Lost mutation: Your magical capacity is very low. (-20% MP)
                  | [potion of mutation]
 99392 | Zot:5    | Gained mutation: Your mind is acute. (Int +4, Str/Dex -1)
                  | [potion of mutation]
 99392 | Zot:5    | Gained mutation: You occasionally shout uncontrollably at
                  | your foes. [potion of mutation]
 99393 | Zot:5    | Lost mutation: Your flesh is heat resistant. (rF+) [potion
                  | of mutation]
 99393 | Zot:5    | Lost mutation: Your mind is acute. (Int +4, Str/Dex -1)
                  | [potion of mutation]
 99393 | Zot:5    | Lost mutation: You occasionally shout uncontrollably at
                  | your foes. [potion of mutation]
 99393 | Zot:5    | Gained mutation: Your skin changes colour to match your
                  | surroundings (Stealth+). [potion of mutation]
 99393 | Zot:5    | Gained mutation: You occasionally lose the ability to drink
                  | potions when taking damage. [potion of mutation]
 99393 | Zot:5    | Gained mutation: Your mind is acute. (Int +4, Str/Dex -1)
                  | [potion of mutation]
 99394 | Zot:5    | Lost mutation: Your system is resistant to poisons. (rPois)
                  | [potion of mutation]
 99394 | Zot:5    | Lost mutation: Your mind is acute. (Int +4, Str/Dex -1)
                  | [potion of mutation]
 99394 | Zot:5    | Lost mutation: Your spells are harder to cast, but more
                  | powerful. [potion of mutation]
 99394 | Zot:5    | Gained mutation: You are weak. (Str -2) [potion of
                  | mutation]
 99394 | Zot:5    | Gained mutation: Your spells are harder to cast, but more
                  | powerful. [potion of mutation]
 99394 | Zot:5    | Gained mutation: Your mind is acute. (Int +4, Str/Dex -1)
                  | [potion of mutation]
 99395 | Zot:5    | Lost mutation: Your spells are harder to cast, but more
                  | powerful. [potion of mutation]
 99395 | Zot:5    | Lost mutation: You have hidden genetic defects. [potion of
                  | mutation]
 99395 | Zot:5    | Lost mutation: Your spells are a little harder to cast, but
                  | a little more powerful. [potion of mutation]
 99800 | D:6      | Fell from the grace of Elyvilon
 99800 | D:6      | Became a worshipper of the Wu Jian Council
100306 | Zot:5    | Got the Orb of Zot
100699 | D:6      | Noticed Giet the pandemonium lord
100805 | D:$      | Escaped with the Orb!

Illustrated notes

Levels and vault maps discovered:
D:1:      dpeg_arrival_rooms_with_view, layout_basic
D:2:      minmay_alternating_diamond, layout_loops_corners, serial_bayou_pond_c,
          kennysheep_crisscross, chequers_serial_rivers_micro_d, uniq_sigmund
D:3:      layout_loops_cross, mainiacjoe_overflow_six_doors_small,
          amcnicky_altar_gilded, nicolae_overflow_quartered_altars,
          hellmonk_ecumenical_altar_lost_god, minmay_hedge_maze,
          pf_guarded_unrand_woodcutter, uniq_robin, uniq_terence
D:4:      layout_basic, mainiacjoe_overflow_concentric_impassable, uniq_natasha
D:5:      layout_loops_ring, nicolae_ossuary_entry_catacombs, serial_shops,
          shop, uniq_pikel
D:6:      layout_cave_pools, mainiacjoe_overflow_small_starburst,
          general_overflow_altar, minmay_misc_feat_diagonals
D:7:      layout_cave_pools, kennysheep_mini, minmay_temple_entry_arrows,
          serial_shops, kennysheep_mini_moat
D:8:      layout_cave_pools, lemuel_crystal_altar, uniq_erica,
          uniq_prince_ribbit1, uniq_gastronok, uniq_amaemon
D:9:      nicolae_cairo_tiling, layout_basic, gammafunk_ghost_hive,
          serial_demonic, serial_demonic_d, serial_demonic_a, serial_demonic_d,
          serial_demonic_b, serial_demonic_a, serial_demonic_c,
          serial_demonic_a, serial_demonic_f, special_room
          [special_room_kobold], serial_park_tiny_1
D:10:     layout_loops_cross, grunt_temple_overflow_forces_of_nature,
          grunt_dithmenos_smoke, okawaru_gym_becter,
          mainiacjoe_overflow_alcove_2, dpeg_oklobed_lair, glass_columns_a,
          kennysheep_generic_room_5
D:11:     layout_roguey
D:12:     layout_cave_pools, hiddenorc1_lemuel, eino_tiny_chamber,
          kennysheep_cluttered_room, minivault_20, nrook_guardian_serpent_double
D:13:     layout_gridville, serial_shops, nicolae_stop_n_shop_2
D:14:     layout_loops_ring, erik_vaults_2, hangedman_decor_slide_cut,
          gauntlet_entry_generic, beargit_elvish_explorers
D:15:     grunt_enter_depths_snipers, layout_loops_cross, special_room
          [special_room_orc], nicolae_twisting_strands
Lair:1:   beast_lair_carwin_large_2, layout_regular_city, serial_bayou,
          serial_bayou_pond_c, serial_bayou_lake_a, serial_bayou_pond_c,
          serial_bayou_ford_a, uniq_sonja
Lair:2:   layout_regular_city, spider_nest_entry_rubble, grunt_megastairs_5
Lair:3:   layout_loops_ring, shoals_dummy_entry, uniq_kirke
Lair:4:   layout_gridlike, portal_ice_cave_entry_pillars_1,
          eino_house_with_fridge
Lair:5:   hellmonk_lair_end_abyssal_woods, layout_gridlike, slime_entry_1,
          ebering_ghost_xom
Shoals:1: dreamdust_from_the_deep, layout_shoals
Shoals:2: layout_shoals, uniq_polyphemus
Shoals:3: layout_shoals, nicolae_shoals_circle_sea_wall, uniq_nikola,
          uniq_ilsuiw
Shoals:4: shoals_end_grunt_ice, layout_shoals
Spider:1: layout_cave_pods, nicolae_spider_scorpion_nest,
          hangedman_spider_tarantella_strand
Spider:2: layout_spider_delve, uniq_asterion
Spider:3: layout_spider_delve, uniq_arachne, uniq_louise
Spider:4: hellmonk_spider_rune_bug_friends, nicolae_spider_undead_wolf_pack
Orc:1:    layout_caves, minmay_orc_treasury
Orc:2:    st_orc_elflike, layout_caves, serial_shops, nicolae_lakefront_shop
Elf:1:    elf_arrival_002, layout_geoelf_octagon, basic_altar,
          hangedman_elven_crosses_minicolossus, uniq_azrael
Elf:2:    nicolae_elf_blades_splatter_lattice
          [nicolae_blade_entry_sentries_behind_glass], layout_geoelf_diagonals,
          glass_columns_a, nicolae_elf_archery_training, grunt_megastairs_1
Elf:3:    elf_hall_gauntlet_wide, layout_gridlike,
          nicolae_shop_sticking_my_neck_out
Vaults:1: hellmonk_ghost_happy_afterlife, nicolae_vaults_inception_corners,
          hangedman_vaults_locks, nicolae_vaults_little_squares_2, v_misc_5,
          grunt_vaults_focal, nicolae_vaults_shelves_hall,
          nicolae_vaults_border_crossing, ontoclasm_vaults_gateway,
          vaults_room_pools, layout_vaults_omnigrid
Vaults:2: lightli_enter_wizlab_magi_temple, vaults_dpeg_diagonal,
          vaults_room_grid, v_pattern_5, nicolae_vaults_rhombus_5, v_misc_3,
          hangedman_vaults_stretched_pinwheel, ontoclasm_vaults_pinch,
          dpeg_vaults_monster_box, vaults_dpeg_cross, vaults_room_semicircle,
          v_misc_28, ontoclasm_vaults_idyll, vaults_room_hallway,
          layout_vaults_omnicross
Vaults:3: ontoclasm_vaults_tryst, vaults_room_semicircle, v_alt_pattern_6,
          nicolae_vaults_hallways_thing, v_misc_4, dpeg_vaults_monster_row,
          minmay_crypt_entry_simple_round, ontoclasm_vaults_idyll,
          hangedman_vaults_hat, v_misc_22, vaults_room_pools,
          nicolae_vaults_rhombus_6, nicolae_vaults_theta, layout_vaults_maze,
          serial_shops, nicolae_shop_overgrown_old_shop, uniq_bai_suzhen,
          uniq_donald, uniq_mara
Vaults:4: nicolae_vaults_bisected_exclaves, nicolae_vaults_asterisk,
          hangedman_vaults_stream, nicolae_vaults_angled_halls,
          vaults_dpeg_encased_lava, vaults_room_pools,
          nicolae_vaults_windows_and_doors_thing, nicolae_vaults_minivaults,
          nicolae_vaults_three_branches, hangedman_vaults_stagger,
          vaults_room_ringed_pool, nicolae_vaults_asterisk,
          nicolae_vaults_yaktaur_gun_rack, layout_vaults_omnibox, serial_shops,
          bzr_entry_customers
Vaults:5
Crypt:1:  layout_basic, lemuel_mausoleum_altar_kikubaaqudgha
Crypt:2:  layout_gridlike
Crypt:3:  lightli_unholy_cathedral, layout_chaotic_city,
          tomb_entry_simple_bobbens
Depths:1: layout_basic, pf_coc_iceberg, worldfamousw_hep_ancestral_shrine,
          serial_bayou_shore_b
Depths:2: kennysheep_ambush_hall, layout_honeycomb, enter_ziggurat_e,
          moated_statue, hell_entry, abyss_entry_glasseish,
          rand_demon_pan_entry_3, serial_shops, bzr_entry_islet,
          serial_bayou_shore_b, infiniplex_staircase_pool_1, uniq_grunn
Depths:3: cheibrodos_salmonella, layout_cave_pools, rand_demon_pan_entry_5,
          gammafunk_ghost_cemetery, hell_entry, abyss_entry,
          cheibriados_altar_1, firewood_loft, minmay_staircase_windowed_small
Depths:4: grunt_x_marks_the_spot, layout_cave_pools, lightli_too_deep,
          chequers_serial_rivers_small_b, pan_entry, evilmike_butchery,
          uniq_xtahua
Zot:1:    layout_misc_corridors, nicolae_rock_paper_scissors
Zot:2:    layout_basic, st_small_dragon_hoard_4, grunt_ministairs_7
Zot:3:    layout_gridville
Zot:4:    layout_concentric_octagons
Zot:5:    layout_twisted_circle

Skill      XL: |  1  2  3  4  5  6  7  8  9 10 11 12 13 14 15 16 17 18 19 20 21 22 23 24 25 |
---------------+----------------------------------------------------------------------------+-----
Conjurations   | 1 2 3 4 5 6 7 8 9 10 | 10.0
Fire Magic     | 3 4 5 6 7 8 |  8.0
Dodging        | 3 4 5 7 9 15 16 | 16.3
Stealth        | 3 4 5 8 10 12 14 15 16 | 16.6
Unarmed Combat | 1 3 5 6 7 9 10 12 14 15 | 15.0
Fighting       | 1 3 5 6 7 9 11 12 13 14 | 14.2
Invocations    | 3 7 8 9 10 11 12 13 15 20 | 20.5
Spellcasting   | 3 4 5 6 7 8 9 10 11 12 13 14 15 | 15.0
Hexes          | 3 5 6 7 |  7.0
Summonings     | 7 5 |  7.0
Air Magic      | 3 6 8 9 11 13 14 15 | 15.0
Transmutations | 2 6 8 11 13 14 16 18 20 | 20.0
Evocations     | 2 5 7 8 10 12 | 12.0
Translocations | 3 10 11 15 | 15.0
Earth Magic    | 4 6 7 9 10 12 | 12.1

Action                   |  1- 3 |  4- 6 |  7- 9 | 10-12 | 13-15 | 16-18 | 19-21 | 22-24 | 25-27 || total
-------------------------+-------+-------+-------+-------+-------+-------+-------+-------+-------++-------
Melee: Unarmed           |     7 |    22 |    66 |    22 |   392 |   938 |   991 |  1209 |   167 ||  3814
       Bite              |     1 |     3 |    15 |     4 |     8 |     8 |    19 |    12 |     2 ||    72
       Punch             |       |       |       |       |    12 |    21 |    78 |    69 |    17 ||   197
       Tailslap          |       |       |       |       |       |       |    20 |    17 |       ||    37
 Cast: Foxfire           |    60 |    87 |   301 |   147 |   106 |       |       |       |       ||   701
       Scorch            |     3 |    13 |   137 |   201 |   320 |       |       |       |       ||   674
       Inner Flame       |       |       |     4 |       |     9 |       |       |       |       ||    13
       Summon Lightning  |       |       |    10 |    29 |   143 |       |       |       |       ||   182
       Flame Wave        |       |       |       |       |     6 |       |       |       |       ||     6
       Irradiate         |       |       |       |       |   148 |   283 |   292 |   173 |    28 ||   924
       Manifold Assault  |       |       |       |       |   115 |   439 |   211 |   566 |    61 ||  1392
       Storm Form        |       |       |       |       |    40 |   130 |   151 |   111 |    15 ||   447
       Iskenderun's Myst |       |       |       |       |    33 |    47 |     9 |    10 |       ||    99
       Petrify           |       |       |       |       |       |    12 |       |       |       ||    12
       Apportation       |       |       |       |       |       |    16 |    11 |    20 |     2 ||    49
       Silence           |       |       |       |       |       |     1 |       |     2 |     4 ||     7
       Lee's Rapid Decon |       |       |       |       |       |       |    31 |     5 |       ||    36
       Dragon Form       |       |       |       |       |       |       |     4 |    32 |     1 ||    37
       Passwall          |       |       |       |       |       |       |       |    29 |       ||    29
       Vhi's Electric Ch |       |       |       |       |       |       |       |    36 |     3 ||    39
Invok: Heal Self         |       |       |       |     4 |    13 |    12 |    29 |    16 |     1 ||    75
       Purification      |       |       |       |     2 |     5 |     5 |     6 |     4 |       ||    22
       Heal Other        |       |       |       |    28 |    15 |    21 |       |     6 |       ||    70
 Abil: Blinkbolt         |       |       |       |       |     3 |    33 |   134 |    52 |     5 ||   227
       End Transformatio |       |       |       |       |     2 |    13 |     7 |    31 |     5 ||    58
       Breathe Fire      |       |       |       |       |       |       |     2 |     1 |       ||     3
       Evoke Blink       |       |       |       |       |       |       |       |       |     1 ||     1
Evoke: Wand              |       |       |     1 |     2 |    49 |    24 |     9 |     3 |       ||    88
       Phantom mirror    |       |       |       |     1 |     2 |     1 |     1 |     1 |       ||     6
       Box of beasts     |       |       |       |       |     4 |     1 |     1 |       |       ||     6
       Piece from Xom's  |       |       |       |       |     7 |       |       |       |       ||     7
       Lightning rod     |       |       |       |       |       |       |    10 |     8 |       ||    18
       Phial of floods   |       |       |       |       |       |       |     4 |     2 |       ||     6
  Use: Scroll            |     3 |     2 |    11 |    14 |    20 |    12 |    18 |    11 |     1 ||    92
       Potion            |       |       |     1 |     8 |    17 |     7 |     7 |    10 |     8 ||    58
 Stab: Sleeping          |       |     1 |     4 |     1 |     6 |     9 |    16 |    14 |       ||    51
       Invisible         |       |       |       |     1 |       |       |     4 |       |       ||     5
       Paralysed         |       |       |       |       |     4 |       |       |       |       ||     4
       Petrified         |       |       |       |       |       |    24 |       |       |       ||    24
       Distracted        |       |       |       |       |       |       |     1 |     1 |       ||     2
Armor: Skin              |     2 |     2 |     6 |    15 |    59 |   124 |   166 |   129 |    19 ||   522
Dodge: Dodged            |     8 |    23 |    87 |   148 |   774 |   955 |  1416 |   726 |   112 ||  4249
Block: Other             |       |       |     8 |     4 |       |       |       |       |       ||    12
       Reflection        |       |       |     1 |     2 |       |       |       |       |       ||     3

Table legend: (Time is in decaauts)
 A = Elapsed time spent in this place.
 B = Non-inter-level travel time spent in this place.
 C = Inter-level travel time spent in this place.
 D = Time resting spent in this place.
 E = Time spent auto-exploring this place.
 F = Levels seen in this place.
 G = Mean time per level.
                   A        B        C        D        E       F      G
               +--------+--------+--------+--------+--------+-----+--------+
         Total |  92282 |  86458 |   5824 |  18492 |  46493 |  60 | 1538.0 |
       Dungeon |  24740 |  22069 |   2671 |   3247 |  13481 |  15 | 1649.3 |
          Lair |   6760 |   6355 |    405 |    454 |   4276 |   5 | 1352.0 |
        Shoals |   6476 |   6230 |    246 |   1670 |   2830 |   4 | 1619.0 |
   Spider Nest |   8832 |   8341 |    491 |   2223 |   4126 |   4 | 2208.0 |
  Orcish Mines |   4110 |   3834 |    276 |   1154 |   1769 |   2 | 2055.0 |
   Elven Halls |   7303 |   6937 |    366 |   1525 |   3733 |   3 | 2434.3 |
        Vaults |  10729 |  10330 |    399 |   1602 |   6304 |   5 | 2145.8 |
         Crypt |   5720 |   5548 |    172 |    928 |   3504 |   3 | 1906.7 |
        Depths |   7547 |   7035 |    512 |   1198 |   4221 |   4 | 1886.8 |
           Zot |   6560 |   6278 |    282 |   3109 |   1293 |   5 | 1312.0 |
         Abyss |    258 |    258 |      0 |     25 |      0 |   4 |   64.5 |
        Bazaar |    221 |    221 |      0 |      0 |    174 |   2 |  110.5 |
       Ossuary |    778 |    778 |      0 |     59 |    534 |   1 |  778.0 |
      Ice Cave |    268 |    268 |      0 |     93 |      0 |   1 |  268.0 |
        Wizlab |   1329 |   1329 |      0 |    934 |     35 |   1 | 1329.0 |
      Gauntlet |    643 |    643 |      0 |    267 |    208 |   1 |  643.0 |
               +--------+--------+--------+--------+--------+-----+--------+

Top non-repeatable levels by time:
Spider:4: 3719 daAuts
   Zot:5: 3235 daAuts
   Elf:3: 3183 daAuts
    D:15: 2925 daAuts
   Orc:2: 2656 daAuts
Vaults:3: 2614 daAuts
Vaults:4: 2591 daAuts
   Elf:2: 2533 daAuts
     D:9: 2499 daAuts
Depths:2: 2487 daAuts
Vaults:5: 2439 daAuts
Spider:1: 2409 daAuts
Depths:3: 2353 daAuts
  Lair:5: 2244 daAuts
     D:5: 2189 daAuts
